 Dungeon Crawl Stone Soup version 0.25-a0-105-g2289b3b9f1 (webtiles) character file.

Game seed: 11117447134244953876, levelgen mode: deterministic

3793 Nvm9 the Cleaver (level 9, -3/71 HPs)
             Began as a Demonspawn Fighter on Nov 16, 2019.
             Was a Believer of Qazlal.
             Killed by the air
             ... invoked by Gastronok
              (18 damage)
             ... on level 7 of the Dungeon.
             The game lasted 00:15:22 (8563 turns).

Nvm9 the Cleaver (Demonspawn Fighter)               Turns: 8563, Time: 00:15:23

Health: -3/71      AC: 13    Str: 26    XL:     9   Next: 96%
Magic:  0/9        EV: 10    Int: 15    God:    Qazlal [**....]
Gold:   592        SH: 14    Dex: 14    Spells: 8/8 levels left

rFire    . . .     SeeInvis .   a - +1 war axe
rCold    . . .     Gourm    .   c - +0 shield
rNeg     . . .     Faith    .   s - +6 scale mail "Ulec" {Str+2 Int+4 Dex+2}
rPois    +         Spirit   +   (helmet restricted)
rElec    +         Reflect  .   (no cloak)
rCorr    .         Harm     .   (no gloves)
MR       .....                  (no boots)
Stlth    +.........             (no amulet)
HPRegen  0.21/turn              (no ring)
MPRegen  0.11/turn              (no ring)

@: mighty
A: antennae 1, hooves 2, nightstalker 1, poison resistance, screaming 1,
electricity resistance, wild magic 1, magic shield
a: Upheaval, Renounce Religion


You were on level 7 of the Dungeon.
You worshipped Qazlal.
Qazlal was pleased with you.
You were not hungry.

You visited 1 branch of the dungeon, and saw 8 of its levels.
You also visited: Sewer and Bailey.

You collected 592 gold pieces.

Inventory:

Hand Weapons
 a - a +1 war axe (weapon)
 v - a +4 long sword
Missiles
 k - 11 throwing nets (quivered)
Armour
 b - a +0 scale mail
 c - a +0 shield (worn)
 j - a +0 crystal plate armour
 s - the +6 scale mail "Ulec" (worn) {Str+2 Int+4 Dex+2}
   (You found it on level 6 of the Dungeon)

   It affects your strength (+2).
   It affects your intelligence (+4).
   It affects your dexterity (+2).
 B - a +2 robe of the Archmagi
Jewellery
 h - a cursed ring of teleportation
 r - a cursed ring of attention
 t - a +4 ring of strength
 A - an uncursed ring of ice
 C - an uncursed ring of positive energy {unknown}
 D - a +3 ring of dexterity {unknown}
Wands
 n - a wand of paralysis (5)
 p - a wand of digging (4)
 w - a wand of iceblast (12)
Scrolls
 d - a scroll of enchant armour {unknown}
 e - 7 scrolls of identify
 g - a scroll of blinking
 l - a scroll of enchant weapon
 m - 3 scrolls of teleportation
 q - 5 scrolls of remove curse
 u - a scroll of magic mapping
Potions
 o - 3 potions of degeneration {unknown}
 x - a potion of brilliance
Miscellaneous
 y - a box of beasts
Comestibles
 f - 13 rations
 E - 2 chunks of flesh


   Skills:
 + Level 6.8 Fighting
 + Level 8.1 Axes
 + Level 0.1 Throwing
 + Level 6.5 Armour
 + Level 3.2 Dodging
 + Level 1.6 Stealth
 + Level 5.8 Shields


You had 8 spell levels left.
You didn't know any spells.
Your spell library was empty.

Dungeon Overview and Level Annotations

Branches:
Dungeon (8/15)             Temple (0/1) D:6           Sewer (visited)
 Bailey (visited)
   Lair: D:8-11

Altars:
Ashenzari
Dithmenos
Elyvilon
Makhleb
Qazlal
Sif Muna
Uskayaw
Wu Jian
Zin
The Shining One

Annotations:
D:7 Gastronok


Innate Abilities, Weirdness & Mutations

You have a pair of small antennae on your head.
You have hoof-like feet.
You are slightly more attuned to the shadows.
When hurt, damage is shared between your health and your magic reserves.
Your system is resistant to poisons. (rPois)
You occasionally shout uncontrollably at your foes.
You are resistant to electric shocks. (rElec)
Your spells are a little harder to cast, but a little more powerful.


Message History

Gastronok is heavily wounded.
Your shield and scale mail "Ulec" prevent you from hitting the quasit.
You block the quasit's attack. x2
The quasit claws you but does no damage.
Gastronok waves his eye-stalks in wide circles.
The air twists around and strikes you!!
* * * LOW HITPOINT WARNING * * *
You slash Gastronok! You kick Gastronok.
Gastronok is severely wounded.
Your shield prevents you from hitting the quasit.
The quasit closely misses you. You block the quasit's attack. x2
The quasit barely misses you. x3
You slash Gastronok!
Gastronok is severely wounded.
You slash the quasit!
You kill the quasit!
Qazlal accepts your kill.
Gastronok waves his eye-stalks in wide circles.
The air twists around and strikes you!!
You die...

#..###................##...####
###...##....................##
.......#....................#
..........................###
..........##...............#
................#.<.#.#....#
...............##...####...##
#........##.##.##..## #.....#
##........####..@§..# #...###
.#..........##.w.○..# #....#
.##.................# ##...#
..###.....#...[...### #####
..#...#..........##
..#.###..).......#
.##.###[)[)..##.##
.#.......[[..####
##.###.......#


You could see Gastronok.

Vanquished Creatures
  Duvessa (D:7)
  An orc warrior (D:8)
  2 sky beasts
  2 ice beasts (D:7)
  2 ogres
  2 phantoms (D:7)
  3 centaurs
  3 big kobolds (Sewer)
  A bullfrog (D:7)
  8 gnoll sergeants (Bailey)
  Dowan (D:7)
  2 scorpions (D:6)
  4 wights (D:7)
  4 howler monkeys
  2 centaur zombies
  5 crimson imps
  A quasit (D:7)
  A jelly (D:6)
  6 gnoll shamans (Bailey)
  2 orc priests (D:6)
  A centaur skeleton (D:4)
  6 hounds
  Jessica (D:7)
  4 orc wizards
  3 worker ants
  A hound zombie (D:6)
  A hound skeleton (D:6)
  8 adders
  21 gnolls
  A howler monkey skeleton (D:7)
  6 river rats
  A shadow imp (D:5)
  5 oozes
  4 worms
  4 leopard geckos
  17 orcs
  4 giant cockroaches
  3 goblins
  3 hobgoblins
  2 jackals (D:6)
  10 kobolds
  4 quokkas
  7 ball pythons
  2 bats
  3 frilled lizards
  13 rats
188 creatures vanquished.

Notes
Turn   | Place    | Note
-------+----------+-------------------------------------------
     0 | D:1      | Nvm9 the Demonspawn Fighter began the quest for the Orb.
     0 | D:1      | Reached XP level 1. HP: 18/18 MP: 1/1
   244 | D:1      | Gained mutation: When hurt, damage is shared between your
                  | health and your magic reserves. [demonic ancestry]
   244 | D:1      | Reached XP level 2. HP: 24/24 MP: 2/2
   783 | D:2      | Reached skill level 2 in Axes
  1239 | D:2      | Gained mutation: You have large cloven feet. [demonic
                  | ancestry]
  1239 | D:2      | Reached XP level 3. HP: 27/29 MP: 3/3
  1683 | D:3      | Found a shadowy altar of Dithmenos.
  1766 | D:3      | Found a shattered altar of Ashenzari.
  1958 | D:3      | Gained mutation: You have hoof-like feet. [demonic
                  | ancestry]
  1958 | D:3      | Reached XP level 4. HP: 3/35 MP: 1/4
  1980 | D:3      | Found a glowing drain.
  1982 | D:3      | Reached skill level 1 in Dodging
  1991 | Sewer    | Entered a sewer
  2029 | Sewer    | Reached skill level 3 in Axes
  2287 | Sewer    | Noticed a big kobold
  2306 | Sewer    | Killed a big kobold
  2306 | Sewer    | Reached XP level 5. HP: 24/42 MP: 2/5
  2526 | Sewer    | Reached XP level 6. HP: 28/48 MP: 6/6
  2673 | Sewer    | Reached skill level 4 in Axes
  3642 | D:4      | Found a glowing golden altar of the Shining One.
  3688 | D:4      | Gained mutation: You have a pair of small antennae on your
                  | head. [demonic ancestry]
  3688 | D:4      | Reached XP level 7. HP: 48/54 MP: 5/7
  4064 | D:4      | Found a stormy altar of Qazlal.
  4137 | D:4      | Became a worshipper of Qazlal Stormbringer
  4188 | D:5      | Entered Level 5 of the Dungeon
  4622 | D:5      | Reached skill level 5 in Axes
  4772 | D:5      | Found a glowing silver altar of Zin.
  4772 | D:5      | Noticed an angel
  5071 | D:6      | Found a white marble altar of Elyvilon.
  5081 | D:6      | Reached skill level 5 in Armour
  5081 | D:6      | Reached XP level 8. HP: 33/61 MP: 4/8
  5250 | D:6      | Got a shimmering scale mail
  5269 | D:6      | Identified the +6 scale mail "Ulec" {Str+2 Int+4 Dex+2}
                  | (You found it on level 6 of the Dungeon)
  5271 | D:6      | Found a burning altar of Makhleb.
  5594 | D:6      | Found an ornate altar of the Wu Jian Council.
  5603 | D:6      | Reached * piety under Qazlal
  5782 | D:6      | Found a staircase to the Ecumenical Temple.
  5791 | D:6      | Reached skill level 5 in Fighting
  5815 | D:6      | Reached skill level 6 in Axes
  6168 | D:7      | Found a flagged portal.
  6177 | D:7      | Reached skill level 1 in Stealth
  6278 | Bailey   | Entered a bailey
  6545 | Bailey   | Gained mutation: You are slightly more attuned to the
                  | shadows. [demonic ancestry]
  6545 | Bailey   | Reached XP level 9. HP: 33/68 MP: 1/9
  6586 | Bailey   | Reached skill level 7 in Axes
  6773 | Bailey   | Reached skill level 5 in Shields
  6975 | Bailey   | Gained mutation: You occasionally shout uncontrollably at
                  | your foes. [potion of mutation]
  6975 | Bailey   | Gained mutation: Your system is resistant to poisons.
                  | (rPois) [potion of mutation]
  6975 | Bailey   | Gained mutation: Your spells are a little harder to cast,
                  | but a little more powerful. [potion of mutation]
  6975 | Bailey   | Gained mutation: You are resistant to electric shocks.
                  | (rElec) [potion of mutation]
  6981 | Bailey   | HP: 3/69 [gnoll shaman/+0 halberd (4)]
  6982 | Bailey   | Reached ** piety under Qazlal
  6998 | Bailey   | HP: 3/69 [gnoll sergeant/+0 halberd (8)]
  7012 | Bailey   | HP: 2/69 [gnoll sergeant/+0 halberd (11)]
  7769 | D:7      | Found a hide-covered altar of Uskayaw.
  7769 | D:7      | Noticed a +0 dagger
  7769 | D:7      | Noticed a -1 dagger
  7818 | D:7      | Noticed Duvessa
  7828 | D:7      | Noticed Dowan
  7829 | D:7      | Killed Duvessa
  7850 | D:7      | Killed Dowan
  7850 | D:7      | Reached skill level 8 in Axes
  8377 | D:7      | Noticed Jessica
  8384 | D:7      | Killed Jessica
  8497 | D:7      | Found a shimmering blue altar of Sif Muna.
  8542 | D:8      | Noticed Gastronok
  8563 | D:7      | Killed from afar by Gastronok

Levels and vault maps discovered:
D:1:      dpeg_arrival_shrine, layout_loops_ring, minivault_24,
          chequers_serial_rivers_large_b
D:2:      layout_rooms, first_ration
D:3:      layout_loops_ring, evilmike_ruin_ashenzari, grunt_dithmenos_smoke,
          portal_sewer_entry_e
D:4:      layout_basic, nicolae_qazlal_eye_of_the_storm, lemuel_crystal_altar
D:5:      layout_loops_corners, zin_angel
D:6:      layout_loops_corners, overflow_temple_1_default,
          makhleb_heckhound_becter, elyvilon_altar_3,
          minmay_temple_entry_butterflies
D:7:      layout_cave_pools, dancing_weapons_uskayaw, tgw_sif, enter_bailey_2,
          uniq_duvessa
D:8:      layout_rooms, overflow_temple_1_default, kiku_gazebo_garden_becter,
          basic_altar, uniq_joseph, uniq_maurice, uniq_harold, uniq_gastronok

Skill      XL: |  1  2  3  4  5  6  7  8  9 |
---------------+----------------------------+-----
Axes           | 2 3 4 5 6 8 |  8.1
Armour         | 3 4 5 6 |  6.5
Shields        | 3 4 5 |  5.8
Dodging        | 1 2 3 |  3.2
Fighting       | 4 5 6 |  6.8
Stealth        | 1 |  1.6
Throwing       | |  0.1

Action                   |  1- 3 |  4- 6 |  7- 9 || total
-------------------------+-------+-------+-------++-------
Melee: War axe           |   106 |   174 |   406 ||   686
       Kick              |     7 |    34 |   154 ||   195
Throw: Throwing net      |       |       |     2 ||     2
  Use: Scroll            |     3 |       |     8 ||    11
       Potion            |     3 |     3 |    11 ||    17
 Stab: Invisible         |       |     2 |       ||     2
  Eat: Chunk             |     3 |     3 |    13 ||    19
       Ration            |       |     1 |     1 ||     2
Armor: Scale mail        |    40 |    61 |   167 ||   268
Dodge: Dodged            |    27 |    45 |   162 ||   234
Block: Shield            |    50 |    73 |   319 ||   442

Table legend:
 A = Non-vault XP
 B = Vault XP
 C = Vault XP percentage of total XP
 D = Non-vault monster count
 E = Vault monster count
 F = Vault count percentage of total count
                 A         B        C        D         E       F
            +---------+---------+-------+---------+---------+-------
      Total |    3403 |    2016 |  37.2 |     118 |      70 |  37.2
            +---------+---------+-------+---------+---------+-------
        D:1 |      17 |       0 |   0.0 |      11 |       0 |   0.0
        D:2 |      43 |       0 |   0.0 |      10 |       0 |   0.0
        D:3 |      33 |      47 |  58.8 |      14 |       8 |  36.4
        D:4 |     216 |       0 |   0.0 |       8 |       0 |   0.0
        D:5 |     505 |       0 |   0.0 |      18 |       0 |   0.0
        D:6 |     955 |      40 |   4.0 |      26 |       1 |   3.7
        D:7 |    1495 |     253 |  14.5 |      28 |       3 |   9.7
        D:8 |     139 |       0 |   0.0 |       3 |       0 |   0.0
      Sewer |       0 |     447 | 100.0 |       0 |      28 | 100.0
     Bailey |       0 |    1229 | 100.0 |       0 |      30 | 100.0
            +---------+---------+-------+---------+---------+-------
